 Dungeon Crawl Stone Soup version 0.20.1-1-g8b1a95d (webtiles) character file.

140 TheOvate the Chopper (level 5, 0/39 HPs)
             Began as a Demonspawn Gladiator on Dec 27, 2017.
             Slain by a gnoll
             ... wielding a +0 club
              (7 damage)
             ... on level 3 of the Dungeon.
             The game lasted 00:15:35 (2554 turns).

TheOvate the Chopper (Demonspawn Gladiator)         Turns: 2554, Time: 00:15:36

Health: 0/39       AC:  3    Str: 15    XL:     5   Next: 2%
Magic:  5/5        EV: 19    Int: 10    God:
Gold:   172        SH:  0    Dex: 23    Spells: 4/4 levels left

rFire    + . .     SeeInvis .   q - +0 lajatang (vamp)
rCold    . . .     Gourm    .   (shield currently unavailable)
rNeg     . . .     Faith    .   v - +0 robe (curse)
rPois    .         Spirit   .   (helmet restricted)
rElec    .         Reflect  .   (no cloak)
rCorr    .         Harm     .   (no gloves)
MR       .....                  x - +0 pair of boots
Stlth    ++++......             l - amulet of regeneration
Regen    0.2/turn               k - ring of protection from fire
MPRegen  0.1/turn               (no ring)

@: agile, hasted, very quick
A: antennae 1, thin skeletal structure 2, demonic guardian 1
a: no special abilities


You were on level 3 of the Dungeon.
You were not hungry.

You visited 1 branch of the dungeon, and saw 3 of its levels.

You collected 172 gold pieces.

Inventory:

Hand Weapons
 a - a +0 war axe
 o - a +0 dagger of protection
 q - a +0 vampiric lajatang (weapon)
Missiles
 d - 3 throwing nets (quivered)
Armour
 b - a +0 leather armour
 v - a cursed +0 robe (worn)
 x - a +0 pair of boots (worn)
Magical Staves
 w - an uncursed staff of wizardry
Jewellery
 k - a ring of protection from fire (left hand)
 l - an amulet of regeneration (around neck)
Scrolls
 c - 2 scrolls of fear {unknown}
 i - 5 scrolls of identify {unknown}
 j - 3 scrolls of amnesia {unknown}
 m - 2 scrolls of remove curse {unknown}
 n - a scroll of recharging {unknown}
 p - a scroll of enchant weapon {unknown}
Potions
 e - 2 potions of haste
 h - a potion of lignification {unknown}
 t - a potion of resistance {unknown}
Comestibles
 f - a bread ration
 g - 2 royal jellies
 s - a chunk of flesh


   Skills:
 - Level 2.6 Fighting
 - Level 3.6 Axes
 * Level 2.5 Staves
 - Level 2.0 Throwing
 - Level 0.3 Armour
 - Level 2.8 Dodging


You had 4 spell levels left.
You didn't know any spells.

Dungeon Overview and Level Annotations

Branches:
Dungeon (3/15)

Altars:
Makhleb
Trog


Innate Abilities, Weirdness & Mutations

You have a pair of small antennae on your head.
You have a moderately thin skeletal structure. (Dex +4, Stealth+)
A weak demonic guardian rushes to your aid.


Message History

Your ufetubus misses the gnoll.
It was a potion of agility.
You feel agile all of a sudden. The gnoll hits your ufetubus!
Your ufetubus dies!
It was a potion of haste.
You feel yourself speed up.
You swap places.
Your iron imp hits the gnoll!
The gnoll dies!
Your iron imp hits the gnoll.
The gnoll hits your iron imp with a spear.
Your iron imp hits the gnoll!
The gnoll dies!
You have reached level 5!
Your demonic ancestry asserts itself...
Your bones become somewhat less dense.
The gnoll hits your iron imp but does no damage.
Your iron imp hits the gnoll.
You swap places.
The gnoll hits you with a club!
You die...

#.####.#####.#
###
#..g.........#
######.#######
#.# #.# #)#
#.# #g# #@#
#5# #.# #.#
#.# #.# ##.#
#..# ... #.##
...


You could see a gnoll and a friendly iron imp.

Vanquished Creatures
  4 adders
  An ooze (D:2)
  3 worms
  4 dart slugs
  3 leopard geckos
  2 orcs (D:3)
  5 bats
  3 giant cockroaches
  6 goblins
  8 hobgoblins
  4 jackals (D:2)
  7 kobolds
  3 quokkas
  6 frilled lizards
  9 rats
68 creatures vanquished.

Vanquished Creatures (collateral kills)
  2 gnolls (D:3)
2 creatures vanquished.

Grand Total: 70 creatures vanquished

Notes
Turn   | Place    | Note
-------+----------+-------------------------------------------
     0 | D:1      | TheOvate the Demonspawn Gladiator began the quest for the Orb.
     0 | D:1      | Reached XP level 1. HP: 16/16 MP: 1/1
   406 | D:1      | Gained mutation: You have a somewhat thin skeletal structure. (Dex +2, Stealth) [demonic ancestry]
   406 | D:1      | Reached XP level 2. HP: 22/22 MP: 2/2
   513 | D:1      | Reached skill level 3 in Axes
   801 | D:1      | Gained mutation: You have a pair of small antennae on your head. [demonic ancestry]
   801 | D:1      | Reached XP level 3. HP: 20/28 MP: 3/3
  1156 | D:2      | Found a burning altar of Makhleb.
  1209 | D:2      | Found a bloodstained altar of Trog.
  1800 | D:2      | Gained mutation: A weak demonic guardian rushes to your aid. [demonic ancestry]
  1800 | D:2      | Reached XP level 4. HP: 34/34 MP: 4/4
  1978 | D:3      | Reached skill level 1 in Staves
  2546 | D:3      | Gained mutation: You have a moderately thin skeletal structure. (Dex +4, Stealth+) [demonic ancestry]
  2546 | D:3      | Reached XP level 5. HP: 6/39 MP: 5/5
  2554 | D:3      | Slain by a gnoll

Skill      XL: |  1  2  3  4 |
---------------+-------------+-----
Throwing       | 2 |  2.0
Axes           | 3 |  3.6
Staves         | 2 |  2.5
Fighting       | |  2.6
Armour         | |  0.3
Dodging        | |  2.8

Action                   |  1- 3 |  4- 6 || total
-------------------------+-------+-------++-------
Melee: War axe           |    91 |       ||    91
       Lajatang          |     9 |    88 ||    97
       Staff             |       |     3 ||     3
  Use: Potion            |       |     3 ||     3
 Stab: Sleeping          |     2 |     2 ||     4
  Eat: Chunk             |     3 |     1 ||     4
       Meat ration       |     1 |     1 ||     2
Armor: Leather armour    |    34 |     8 ||    42
       Robe              |       |    17 ||    17
Dodge: Dodged            |    78 |    79 ||   157
